[ PARTIDA AOE2 · #513843876 ]
UnrankedBritanos vs Bulgarians
Equipo del jugador · VICT
Equipo rival · DERR
[ ANÁLISIS DE REPETICIÓN · EXTRAÍDO DE LA PARTIDA GRABADA ]
Feudal
11:06
Castillos
25:26
Imperial
49:45
| APM promedio | 66.1 |
| APM pico | 101 |
| eAPM promedio | 21.9 |
| Aldeanos / militares | 81 / 120 |
Foco
⚔️ 43.5% · 🌾 56.5%
Archer ×52 · Knight ×47 · Scout Cavalry ×8 · Mangonel ×5 · Monk ×4 · Militia ×3
Feudal
9:35
Castillos
23:50
Imperial
—
| APM promedio | 27.4 |
| APM pico | 61 |
| eAPM promedio | 20.1 |
| Aldeanos / militares | 81 / 248 |
Foco
⚔️ 51.0% · 🌾 49.0%
Spearman ×88 · Militia ×79 · Skirmisher ×56 · Konnik ×8 · Battering Ram ×7 · Archer ×5
Mapa de la partida
Recursos iniciales + cada clic de construcción. Líneas = muros · curvas = relieve. ◆ oro · ⬟ piedra · ● bayas · ✦ reliquia · ◌ hueco del cierre
Tu base· Abierta — hueco de 1t
Base de Ares· Abierta — hueco de 4t
Terreno inicial suavizado · ◌ = hueco del cierre detectado · pasá el cursor para detalles
Inputs por minuto
— Zuil - - Ares
Build order — Zuil
Primeras 150 de 330 acciones detectadas
| 0:02 | Encolar | Villager (Male) |
| 0:04 | Construir | House |
| 0:06 | Construir | House |
| 0:15 | Encolar | Villager (Male) |
| 0:33 | Encolar | Villager (Male) |
| 0:46 | Encolar | Villager (Male) |
| 1:21 | Encolar | Villager (Male) |
| 2:02 | Encolar | Villager (Male) |
| 2:03 | Encolar | Villager (Male) |
| 2:15 | Construir | Lumber Camp |
| 2:39 | Encolar | Villager (Male) |
| 3:01 | Encolar | Villager (Male) |
| 3:48 | Construir | House |
| 3:58 | Encolar | Villager (Male) |
| 4:02 | Construir | Palisade Gate |
| 4:12 | Encolar | Villager (Male) |
| 4:32 | Encolar | Villager (Male) |
| 4:41 | Construir | Mill |
| 4:42 | Encolar | Villager (Male) |
| 5:32 | Encolar | Villager (Male) |
| 5:52 | Encolar | Villager (Male) |
| 6:18 | Encolar | Villager (Male) |
| 6:21 | Construir | House |
| 6:26 | Construir | Barracks |
| 6:29 | Construir | Palisade Wall |
| 6:42 | Encolar | Villager (Male) |
| 7:34 | Encolar | Villager (Male) |
| 7:42 | Construir | Mining Camp |
| 7:45 | Encolar | Villager (Male) |
| 8:13 | Encolar | Militia |
| 8:14 | Encolar | Militia |
| 8:15 | Encolar | Militia |
| 8:57 | Investigar | Feudal Age |
| 9:02 | Construir | House |
| 10:08 | Investigar | Loom |
| 11:06 | Edad | Edad Feudal |
| 11:12 | Construir | Archery Range |
| 11:23 | Construir | Blacksmith |
| 11:29 | Investigar | Double-Bit Axe |
| 11:40 | Construir | Palisade Wall |
| 11:41 | Construir | Palisade Wall |
| 11:48 | Investigar | Man-at-Arms (upgrade) |
| 11:52 | Encolar | Villager (Male) |
| 12:02 | Construir | House |
| 12:04 | Construir | Palisade Wall |
| 12:23 | Encolar | Archer |
| 12:23 | Encolar | Archer |
| 12:33 | Investigar | Fletching |
| 13:21 | Encolar | Archer |
| 13:35 | Construir | Farm |
| 13:35 | Construir | Farm |
| 13:35 | Construir | Farm |
| 13:37 | Construir | Farm |
| 13:40 | Investigar | Gold Mining |
| 13:48 | Investigar | Padded Archer Armor |
| 14:20 | Encolar | Archer |
| 14:53 | Encolar | Archer |
| 15:10 | Encolar | Villager (Male) |
| 15:11 | Encolar | Villager (Male) |
| 15:12 | Encolar | Archer |
| 15:24 | Construir | Farm |
| 15:24 | Construir | Farm |
| 15:30 | Construir | Stable |
| 15:33 | Investigar | Horse Collar |
| 15:58 | Encolar | Villager (Male) |
| 16:39 | Construir | Farm |
| 16:40 | Construir | Farm |
| 16:42 | Construir | Farm |
| 16:42 | Construir | Farm |
| 16:43 | Encolar | Scout Cavalry |
| 16:43 | Encolar | Scout Cavalry |
| 17:04 | Construir | Farm |
| 17:04 | Construir | Farm |
| 17:23 | Encolar | Scout Cavalry |
| 18:08 | Encolar | Archer |
| 18:08 | Encolar | Archer |
| 18:22 | Encolar | Villager (Male) |
| 18:26 | Encolar | Villager (Male) |
| 18:30 | Construir | Farm |
| 18:30 | Construir | Farm |
| 18:36 | Encolar | Scout Cavalry |
| 18:46 | Construir | House |
| 18:51 | Construir | Palisade Wall |
| 18:52 | Construir | Palisade Wall |
| 19:05 | Investigar | Scale Barding Armor |
| 20:09 | Encolar | Villager (Male) |
| 20:14 | Construir | Farm |
| 20:14 | Construir | Farm |
| 20:14 | Construir | Farm |
| 20:19 | Encolar | Archer |
| 20:19 | Encolar | Archer |
| 20:24 | Encolar | Villager (Male) |
| 20:30 | Construir | House |
| 20:31 | Construir | House |
| 20:34 | Construir | Lumber Camp |
| 20:35 | Encolar | Villager (Male) |
| 20:46 | Encolar | Scout Cavalry |
| 20:47 | Encolar | Scout Cavalry |
| 20:59 | Construir | Market |
| 21:32 | Construir | House |
| 22:46 | Investigar | Castle Age |
| 22:57 | Investigar | Forging |
| 23:04 | Construir | Stable |
| 23:38 | Construir | Archery Range |
| 24:27 | Encolar | Scout Cavalry |
| 25:26 | Edad | Edad de los Castillos |
| 25:28 | Construir | Siege Workshop |
| 25:30 | Investigar | Crossbowman (upgrade) |
| 25:33 | Investigar | Bodkin Arrow |
| 25:34 | Investigar | Leather Archer Armor |
| 25:40 | Investigar | Light Cavalry (upgrade) |
| 26:12 | Construir | Siege Workshop |
| 26:18 | Encolar | Archer |
| 26:18 | Encolar | Archer |
| 26:18 | Encolar | Archer |
| 26:31 | Construir | University |
| 26:33 | Construir | Town Center |
| 27:32 | Encolar | Archer |
| 27:33 | Encolar | Archer |
| 27:34 | Encolar | Archer |
| 27:34 | Encolar | Archer |
| 27:55 | Encolar | Archer |
| 28:24 | Encolar | Villager (Male) |
| 28:24 | Encolar | Villager (Male) |
| 28:26 | Construir | Farm |
| 28:36 | Encolar | Villager (Male) |
| 28:37 | Encolar | Villager (Male) |
| 28:38 | Encolar | Villager (Male) |
| 28:53 | Construir | Town Center |
| 28:55 | Encolar | Villager (Male) |
| 28:56 | Encolar | Villager (Male) |
| 29:00 | Encolar | Villager (Male) |
| 29:01 | Encolar | Villager (Male) |
| 29:04 | Encolar | Villager (Male) |
| 29:13 | Encolar | Scorpion |
| 29:21 | Encolar | Villager (Male) |
| 29:59 | Investigar | Ballistics |
| 29:59 | Investigar | Ballistics |
| 30:08 | Encolar | Villager (Male) |
| 30:10 | Encolar | Villager (Male) |
| 30:15 | Encolar | Villager (Male) |
| 30:57 | Encolar | Villager (Male) |
| 30:57 | Encolar | Villager (Male) |
| 30:58 | Encolar | Villager (Male) |
| 31:10 | Encolar | Mangonel |
| 31:14 | Encolar | Villager (Male) |
| 31:14 | Encolar | Villager (Male) |
| 31:15 | Encolar | Villager (Male) |
| 31:37 | Investigar | Wheelbarrow |
| 31:38 | Encolar | Villager (Male) |
Build order — Ares
Primeras 150 de 477 acciones detectadas
| 0:01 | Encolar | Villager (Male) |
| 0:02 | Investigar | Loom |
| 0:02 | Encolar | Villager (Male) |
| 0:02 | Encolar | Villager (Male) |
| 0:02 | Encolar | Villager (Male) |
| 0:03 | Construir | House |
| 0:05 | Construir | House |
| 2:09 | Encolar | Villager (Male) |
| 2:10 | Encolar | Villager (Male) |
| 2:42 | Construir | Lumber Camp |
| 2:46 | Construir | House |
| 2:48 | Construir | House |
| 3:05 | Encolar | Villager (Male) |
| 3:05 | Encolar | Villager (Male) |
| 3:05 | Encolar | Villager (Male) |
| 3:06 | Encolar | Villager (Male) |
| 3:49 | Encolar | Villager (Male) |
| 3:49 | Encolar | Villager (Male) |
| 3:49 | Encolar | Villager (Male) |
| 5:30 | Encolar | Villager (Male) |
| 5:30 | Encolar | Villager (Male) |
| 6:13 | Construir | Mill |
| 6:35 | Encolar | Villager (Male) |
| 6:35 | Encolar | Villager (Male) |
| 7:24 | Investigar | Feudal Age |
| 8:15 | Construir | Mining Camp |
| 8:58 | Encolar | Villager (Male) |
| 8:59 | Encolar | Villager (Male) |
| 8:59 | Encolar | Villager (Male) |
| 9:23 | Construir | Barracks |
| 9:35 | Edad | Edad Feudal |
| 10:03 | Encolar | Militia |
| 10:03 | Encolar | Militia |
| 10:05 | Encolar | Villager (Male) |
| 10:18 | Construir | Farm |
| 10:19 | Encolar | Villager (Male) |
| 10:24 | Construir | Farm |
| 10:26 | Construir | Farm |
| 10:49 | Construir | Farm |
| 10:56 | Construir | House |
| 11:12 | Encolar | Militia |
| 11:13 | Encolar | Militia |
| 11:22 | Construir | House |
| 11:27 | Construir | House |
| 11:29 | Construir | House |
| 11:35 | Construir | Palisade Wall |
| 11:37 | Construir | Palisade Wall |
| 11:39 | Construir | Palisade Gate |
| 11:41 | Construir | Palisade Wall |
| 11:44 | Encolar | Villager (Male) |
| 11:49 | Encolar | Villager (Male) |
| 12:01 | Construir | Mining Camp |
| 12:09 | Construir | Farm |
| 12:10 | Encolar | Villager (Male) |
| 12:20 | Encolar | Villager (Male) |
| 12:35 | Encolar | Villager (Male) |
| 13:03 | Encolar | Villager (Male) |
| 13:20 | Construir | Archery Range |
| 13:28 | Construir | Blacksmith |
| 13:35 | Construir | Watch Tower |
| 13:48 | Encolar | Villager (Male) |
| 14:06 | Encolar | Militia |
| 14:36 | Encolar | Militia |
| 14:40 | Construir | Farm |
| 14:44 | Construir | Farm |
| 15:01 | Construir | Farm |
| 15:02 | Construir | Farm |
| 15:03 | Construir | Farm |
| 15:09 | Encolar | Villager (Male) |
| 15:21 | Encolar | Skirmisher |
| 15:30 | Construir | Farm |
| 15:33 | Construir | Farm |
| 15:36 | Encolar | Militia |
| 16:09 | Encolar | Villager (Male) |
| 16:28 | Encolar | Villager (Male) |
| 16:30 | Encolar | Skirmisher |
| 17:01 | Construir | Lumber Camp |
| 17:02 | Encolar | Villager (Male) |
| 17:08 | Encolar | Skirmisher |
| 17:10 | Investigar | Fletching |
| 17:26 | Construir | Watch Tower |
| 17:29 | Encolar | Villager (Male) |
| 18:11 | Encolar | Spearman |
| 18:11 | Encolar | Spearman |
| 18:13 | Encolar | Skirmisher |
| 18:13 | Encolar | Skirmisher |
| 18:22 | Encolar | Villager (Male) |
| 18:24 | Encolar | Spearman |
| 18:34 | Encolar | Villager (Male) |
| 18:40 | Construir | Mill |
| 18:41 | Construir | Farm |
| 18:41 | Construir | Farm |
| 18:41 | Construir | Farm |
| 18:41 | Construir | Farm |
| 18:49 | Construir | Farm |
| 18:52 | Construir | Farm |
| 19:00 | Construir | House |
| 19:01 | Construir | House |
| 19:19 | Construir | Farm |
| 20:09 | Construir | Farm |
| 20:18 | Encolar | Villager (Male) |
| 21:10 | Investigar | Castle Age |
| 21:13 | Encolar | Spearman |
| 21:47 | Encolar | Villager (Male) |
| 21:48 | Encolar | Villager (Male) |
| 21:57 | Construir | House |
| 22:03 | Construir | Farm |
| 22:06 | Investigar | Stone Mining |
| 22:15 | Construir | Palisade Wall |
| 22:25 | Construir | Palisade Wall |
| 22:39 | Investigar | Forging |
| 22:40 | Investigar | Scale Mail Armor |
| 22:41 | Encolar | Skirmisher |
| 22:41 | Encolar | Skirmisher |
| 22:45 | Encolar | Militia |
| 22:51 | Construir | Barracks |
| 22:55 | Construir | House |
| 23:19 | Encolar | Militia |
| 23:20 | Encolar | Militia |
| 23:20 | Encolar | Militia |
| 23:25 | Encolar | Villager (Male) |
| 23:45 | Investigar | Double-Bit Axe |
| 23:50 | Edad | Edad de los Castillos |
| 24:11 | Investigar | Squires |
| 24:11 | Investigar | Gambesons |
| 24:26 | Investigar | Arson |
| 24:44 | Construir | Market |
| 24:49 | Encolar | Villager (Male) |
| 25:14 | Construir | Castle |
| 25:22 | Encolar | Villager (Male) |
| 25:25 | Construir | House |
| 25:28 | Construir | House |
| 25:39 | Encolar | Militia |
| 25:40 | Encolar | Militia |
| 25:40 | Encolar | Militia |
| 25:40 | Encolar | Militia |
| 25:42 | Encolar | Villager (Male) |
| 25:45 | Construir | House |
| 25:46 | Construir | House |
| 25:48 | Construir | House |
| 25:49 | Construir | House |
| 26:20 | Encolar | Villager (Male) |
| 26:21 | Encolar | Villager (Male) |
| 26:29 | Construir | Mining Camp |
| 26:34 | Encolar | Villager (Male) |
| 26:36 | Encolar | Konnik |
| 26:37 | Encolar | Konnik |
| 27:05 | Encolar | Militia |
| 27:06 | Encolar | Militia |
| 27:12 | Encolar | Villager (Male) |
Cronología de la partida
| 6:26 | Zuil · first_building Barracks |
| 6:29 | Zuil · wall_segment Palisade Wall x1 |
| 9:23 | Ares · first_building Barracks |
| 9:35 | Ares · age_up feudal |
| 11:06 | Zuil · age_up feudal |
| 11:12 | Zuil · first_building Archery Range |
| 11:35 | Ares · wall_segment Palisade Wall x1 |
| 11:37 | Ares · wall_segment Palisade Wall x3 |
| 11:40 | Zuil · wall_segment Palisade Wall x6 |
| 11:41 | Ares · wall_segment Palisade Wall x1 |
| 11:41 | Zuil · wall_segment Palisade Wall x1 |
| 12:04 | Zuil · wall_segment Palisade Wall x6 |
| 13:20 | Ares · first_building Archery Range |
| 15:30 | Zuil · first_building Stable |
| 18:51 | Zuil · wall_segment Palisade Wall x5 |
| 18:52 | Zuil · wall_segment Palisade Wall x4 |
| 22:02 | Zuil · first_market_buy 100 food |
| 22:04 | Zuil · first_market_sell 100 stone |
| 22:15 | Ares · wall_segment Palisade Wall x1 |
| 22:25 | Ares · wall_segment Palisade Wall x1 |
| 23:50 | Ares · age_up castle |
| 25:11 | Ares · first_market_buy 100 stone |
| 25:14 | Ares · first_building Castle |
| 25:26 | Zuil · age_up castle |
| 25:28 | Zuil · first_building Siege Workshop |
| 31:55 | Zuil · first_building Monastery |
| 33:48 | Ares · first_building Monastery |
| 34:37 | Ares · first_building Siege Workshop |
| 39:54 | Ares · wall_segment Palisade Wall x1 |
| 46:57 | Zuil · first_building Castle |
| 49:45 | Zuil · age_up imperial |
| 52:43 | Ares · resign |
[ ANÁLISIS IA · 1 CRÉDITO ]
¿Qué pasó realmente en esta partida?
Wolo.gg analiza cada decisión: build order, eco, micro, errores típicos por bracket. Análisis personalizado por WhatsApp o Discord en 30 segundos.
Guía civ
Britanos
Perfil
Jugador #4719431